 Dungeon Sprint DCSS version 0.30-a0-358-g0d69a1922f (webtiles) character file.

Game seed: 2666167678926656318

1967 mhtbhm the Basher (level 9, -8/96 HPs)
             Began as a Troll Monk on Nov 9, 2022.
             Was a High Priest of Okawaru.
             Killed from afar by a tengu conjurer (25 damage)
             ... with a bolt of lightning
             ... in the Dungeon (Sprint IX: "|||||||||||||||||||||||||||||").
             The game lasted 00:01:26 (349 turns).

mhtbhm the Basher (Troll Monk)                       Turns: 349, Time: 00:01:26

Health: -8/96      AC:  4    Str: 25    XL:     9   Next: 0%
Magic:  13/13      EV: 15    Int:  6    God:    Okawaru [*****.]
Gold:   0          SH:  0    Dex: 15    Spells: 8/8 levels left

rFire   . . .      SeeInvis .    a - +2 dire flail (protect)
rCold   . . .      Faith    .    (shield currently unavailable)
rNeg    . . .      Spirit   .    b - +0 robe
rPois   .          Reflect  .    (helmet restricted)
rElec   .          Harm     .    (no cloak)
rCorr   .          Rampage  .    (gloves unavailable)
Will    .....      NoTele   +    (boots unavailable)
Stlth   +++.......               (no amulet)
HPRegen 1.16/turn                l - +2 ring of evasion
MPRegen 0.13/turn                m - +3 ring of dexterity

@: invisible
A: large, unfitting armour, claws 3, regeneration 1, shaggy fur 1, tough skin 1
a: Renounce Religion, Heroism, Finesse


You were in the Dungeon.
You worshipped Okawaru.
Okawaru was extremely pleased with you.
You visited 1 branch

Inventory:

Hand Weapons
 a - a +2 dire flail of protection (weapon)
Armour
 b - a +0 robe (worn)
Jewellery
 l - a +2 ring of evasion (left claw)
 m - a +3 ring of dexterity (right claw)
Wands
 k - a wand of roots (10)
Scrolls
 i - 2 scrolls of blinking
 j - 2 scrolls of amnesia
Potions
 c - a potion of ambrosia
 d - 4 potions of curing
 e - 2 potions of heal wounds
 f - a potion of haste
 g - 4 potions of magic


   Skills:
 + Level 8.0 Fighting
 + Level 12.4 Maces & Flails
 + Level 6.8 Dodging
 + Level 3.9 Stealth
 * Level 7.3 Invocations


You had 8 spell levels left.
You didn't know any spells.
Your spell library was empty.

Dungeon Overview and Level Annotations

Branches:
Dungeon (1/1)

Altars:
Cheibriados
Dithmenos
Elyvilon
Fedhas
Gozag
Hepliaklqana
Kikubaaqudgha
Makhleb
Nemelex Xobeh
Okawaru
Qazlal
Ru
Sif Muna
Trog
Uskayaw
Vehumet
Wu Jian
Xom
Yredelemnul
Zin
The Shining One
Jiyva
Lugonu


Innate Abilities, Weirdness & Mutations

You are too large for most types of armour.
You have claws for hands.
Your natural rate of healing is unusually fast.
You are covered in fur. (AC +1)
You have tough skin. (AC +1)


Message History

The tengu conjurer is heavily wounded.
Unknown command.
You feel much better.
The tengu conjurer hits you but does no damage.
The tengu conjurer pecks you but does no damage.
The tengu conjurer barely misses you.
You hit the tengu conjurer.
The tengu conjurer is heavily wounded.
The tengu conjurer gestures wildly while chanting.
The tengu conjurer conjures a globe of magical energy!
A battlesphere comes into view.
You miss the tengu conjurer.
The tengu conjurer is heavily wounded.
The tengu conjurer completely misses you.
The tengu conjurer pecks you but does no damage.
The tengu conjurer claws you.
You miss the tengu conjurer.
The tengu conjurer is heavily wounded.
You closely miss the tengu conjurer.
The tengu conjurer is heavily wounded.
The tengu conjurer hits you.
The tengu conjurer pecks you but does no damage.
The tengu conjurer claws you but does no damage.
You miss the tengu conjurer.
The tengu conjurer is heavily wounded.
The tengu conjurer hits you.
The tengu conjurer pecks you but does no damage.
The tengu conjurer misses you.
You closely miss the tengu conjurer.
The tengu conjurer is heavily wounded.
You miss the tengu conjurer.
The tengu conjurer is heavily wounded.
The tengu conjurer points at you and mumbles some strange words.
The bolt of lightning hits you!!
* * * LOW HITPOINT WARNING * * *
You closely miss the tengu conjurer.
The tengu conjurer is heavily wounded.
The tengu conjurer casts a spell at you.
The bolt of lightning hits you!!
You die... ▓▓▓▓▓▓▓▓▓▓▓▓▓▓▓▓▓▓▓▓▓▓ +...Q@†(*..)))'..[[[.) ▓▓▓▓▓▓▓▓▓▓▓▓▓▓▓▓▓▓▓▓▓▓

You could see a tengu conjurer and a battlesphere.

Vanquished Creatures
  A two-headed ogre (D)
  A manticore (D)
  2 gargoyles (D)
  A slime creature (D)
  A gnoll sergeant (D)
  A killer bee (D)
  A hound (D)
  An iguana (D)
  3 orc wizards (D)
  3 adders (D)
  An endoplasm (D)
  A goblin (D)
  2 hobgoblins (D)
  A frilled lizard (D)
20 creatures vanquished.

Vanquished Creatures (others)
  A howler monkey (D)
1 creature vanquished.

Grand Total: 21 creatures vanquished

Notes
Turn   | Place    | Note
-------+----------+-------------------------------------------
     0 | D        | mhtbhm the Troll Monk began the quest for the Orb.
     0 | D        | Reached XP level 1. HP: 22/22 MP: 0/0
     7 | D        | Reached skill level 3 in Maces & Flails
   125 | D        | Noticed a hound
   125 | D        | Noticed an iguana
   130 | D        | Reached XP level 2. HP: 31/31 MP: 1/1
   132 | D        | Reached skill level 4 in Maces & Flails
   135 | D        | Reached XP level 3. HP: 39/39 MP: 2/2
   138 | D        | Reached skill level 5 in Maces & Flails
   139 | D        | Reached XP level 4. HP: 49/49 MP: 3/3
   166 | D        | Found a snail-covered altar of Cheibriados.
   166 | D        | Found a shadowy altar of Dithmenos.
   166 | D        | Found a white marble altar of Elyvilon.
   166 | D        | Found a blossoming altar of Fedhas.
   166 | D        | Found an opulent altar of Gozag.
   167 | D        | Found a hazy altar of Hepliaklqana.
   168 | D        | Found a viscous altar of Jiyva.
   169 | D        | Found an ancient bone altar of Kikubaaqudgha.
   170 | D        | Found a corrupted altar of Lugonu.
   171 | D        | Found a burning altar of Makhleb.
   172 | D        | Found a sparkling altar of Nemelex Xobeh.
   173 | D        | Found an iron altar of Okawaru.
   174 | D        | Found a stormy altar of Qazlal.
   175 | D        | Found a sacrificial altar of Ru.
   176 | D        | Found a shimmering blue altar of Sif Muna.
   177 | D        | Found a bloodstained altar of Trog.
   178 | D        | Found a hide-covered altar of Uskayaw.
   179 | D        | Found a radiant altar of Vehumet.
   180 | D        | Found an ornate altar of the Wu Jian Council.
   181 | D        | Became a worshipper of Warmaster Okawaru
   181 | D        | Reached * piety under Okawaru
   181 | D        | Reached ** piety under Okawaru
   182 | D        | Found a shimmering altar of Xom.
   183 | D        | Found a basalt altar of Yredelemnul.
   184 | D        | Found a glowing silver altar of Zin.
   185 | D        | Found a glowing golden altar of the Shining One.
   226 | D        | Noticed a two-headed ogre
   226 | D        | Noticed a gnoll sergeant
   231 | D        | Reached skill level 6 in Maces & Flails
   231 | D        | Reached skill level 1 in Invocations
   236 | D        | Reached XP level 5. HP: 54/55 MP: 3/5
   243 | D        | Killed a two-headed ogre
   243 | D        | Reached *** piety under Okawaru
   243 | D        | Reached **** piety under Okawaru
   244 | D        | Reached skill level 10 in Maces & Flails
   244 | D        | Reached skill level 5 in Invocations
   244 | D        | Reached XP level 6. HP: 64/68 MP: 3/8
   244 | D        | Reached XP level 7. HP: 72/76 MP: 3/9
   302 | D        | Noticed a tengu conjurer
   302 | D        | Noticed a gargoyle
   302 | D        | Noticed a slime creature
   302 | D        | Noticed a manticore
   302 | D        | Noticed a gargoyle
   305 | D        | Killed a gargoyle
   305 | D        | Reached ***** piety under Okawaru
   306 | D        | Reached skill level 11 in Maces & Flails
   306 | D        | Reached XP level 8. HP: 87/87 MP: 11/11
   317 | D        | Killed a manticore
   317 | D        | Received a gift from Okawaru
   323 | D        | Killed a slime creature
   324 | D        | Reached skill level 12 in Maces & Flails
   333 | D        | Killed a gargoyle
   334 | D        | Reached XP level 9. HP: 43/96 MP: 13/13
   349 | D        | Killed from afar by a tengu conjurer

Illustrated notes

Levels and vault maps discovered:
D:        linesprint [early_d, line_temple, items_1, d_10, items_2, lair_1,
          lair_end, items_3, orc_1, orc_end, items_4, d_15, swamp_1, shoals_1,
          snake_1, spider_1, d_20, vaults_1, items_5, swamp_end, shoals_end,
          snake_end, spider_end, vaults_end, d_27, items_6, zot_1, zot_end,
          crypt_end, forest_end, elf_end, slime_end, tomb_end, abyss_end,
          pan_hell_end]

Skill      XL: |  1  2  3  4  5  6  7  8 |
---------------+-------------------------+-----
Maces & Flails | 3 4 5 6 10 11 12 | 12.4
Fighting       | 3 4 6 7 8 |  8.0
Dodging        | 3 4 6 |  6.8
Invocations    | 1 5 6 7 |  7.3
Stealth        | 3 |  3.9

Action                   |  1- 3 |  4- 6 |  7- 9 || total
-------------------------+-------+-------+-------++-------
Melee: Mace              |    22 |       |       ||    22
       Dire flail        |       |    13 |    57 ||    70
  Use: Potion            |     1 |     1 |     2 ||     4
 Stab: Sleeping          |       |     1 |       ||     1
       Invisible         |       |       |     3 ||     3
Armor: Robe              |     4 |     1 |    11 ||    16
Dodge: Dodged            |    10 |     9 |    37 ||    56

Table legend: (Time is in decaauts)
 A = Elapsed time spent in this place.
 B = Non-inter-level travel time spent in this place.
 C = Inter-level travel time spent in this place.
 D = Time resting spent in this place.
 E = Time spent auto-exploring this place.
 F = Levels seen in this place.
 G = Mean time per level.
                   A        B        C        D        E       F      G
               +--------+--------+--------+--------+--------+-----+--------+
         Total |    339 |    339 |      0 |    151 |      0 |   1 |  339.0 |
       Dungeon |    339 |    339 |      0 |    151 |      0 |   1 |  339.0 |
               +--------+--------+--------+--------+--------+-----+--------+

Top non-repeatable levels by time:
       D: 339 daAuts
